Map: Tokamak LE

Players

ManlyManMeat

  • Race: Zerg Zerg
  • League: Platinum
  • Spawn Location: 1:00

andy - Winner!

  • Race: Terran Terran
  • League: Platinum
  • Spawn Location: 7:00

VOD

Have the link to the VOD?

Description

Time

  • Played on: June 20, 2025, 5:51 p.m.
  • Length: 12:09
Show
View Real Time Build Order
Export as new Build Order

ManlyManMeat Zerg 

Build Orders: Hatch First 

Get SALT Encoding   

  12  0:00  Drone  
  13  0:13  Overlord  
  13  0:18  Drone  
  14  0:31  Drone  
  14  0:32  Drone  
  16  0:44  Drone  
  17  0:51  Hatchery  
  17  0:55  Drone  
  17  1:09  Spawning Pool  
  16  1:12  Extractor  
  16  1:14  Drone  
  16  1:21  Drone  
  17  1:28  Drone  
  18  1:37  Drone  
  19  1:50  Drone  
  20  2:02  Queen  
  20  2:04  Queen  
  20  2:06  Zergling x4  
  26  2:13  Metabolic Boost  
  26  2:23  Zergling x4  
  26  2:29  Spine Crawler  
  27  2:35  Drone  
  27  2:36  Overlord  
  27  2:59  Drone x4  
  27  3:01  Overlord x2  
  31  3:14  Drone x2  
  33  3:24  Drone x3  
  33  3:25  Drone  
  37  3:36  Drone x2  
  39  3:41  Queen  
  39  3:46  Hatchery  
  40  3:52  Drone x2  
  42  4:00  Drone x4  
  42  4:01  Drone  
  47  4:05  Overlord  
  47  4:14  Zergling x8  
  51  4:17  Overlord  
  51  4:25  Lair  
  51  4:29  Baneling Nest  
  51  4:31  Extractor  
  49  4:39  Zergling x12  
  49  4:41  Drone x3  
  56  5:10  Drone x9  
  65  5:16  Queen x2  
  65  5:20  Drone  
  71  5:21  Drone  
  71  5:22  Evolution Chamber  
  71  5:25  Evolution Chamber  
  66  5:41  Zergling x16  
  66  5:52  Drone x3  
  66  5:53  Zerg Melee Weapons Level 1, Centrifugal Hooks  
  66  5:54  Zerg Ground Armor Level 1  
  69  5:58  Drone x2  
  71  6:09  Drone x2  
  71  6:10  Overlord  
  73  6:12  Baneling x2  
  73  6:16  Baneling  
  73  6:30  Zergling x4, Hatchery  
  73  6:31  Zergling x14  
  73  6:32  Hatchery  
  77  6:41  Spore Crawler  
  77  6:45  Overseer  
  61  7:20  Zergling x10  
  61  7:21  Zergling x26  
  65  7:38  Spore Crawler x2  
  65  7:40  Spore Crawler  
  65  7:42  Spore Crawler x2  
  65  7:43  Drone x8  
  68  7:53  Drone  
  68  7:54  Drone  
  68  7:55  Drone, Queen x2  
  68  7:56  Queen  
  61  8:15  Drone  
  61  8:17  Drone x2  
  64  8:24  Evolution Chamber  
  63  8:48  Zerg Melee Weapons Level 2, Zerg Ground Armor Level 2  
  63  8:51  Drone x3  
  63  8:54  Drone x3  
  69  9:08  Spawning Pool  
  68  9:13  Drone  
  68  9:17  Drone x4  
  73  9:36  Hatchery, Overlord  
  73  9:37  Overlord x3  
  72  9:51  Drone x4  
  74  10:00  Spore Crawler x2  
  74  10:02  Spore Crawler  
  74  10:03  Spore Crawler  
  74  10:05  Zergling x22, Spore Crawler x2  
  74  10:06  Zergling x14, Hatchery  
  85  10:08  Queen  
  85  10:09  Queen  
  91  10:35  Baneling Nest  
  82  10:50  Zergling x22  
  82  10:51  Zergling x8  
  82  10:54  Drone  
  98  11:00  Overseer x2  
  98  11:01  Overseer  
  98  11:03  Zergling x4  
  95  11:18  Zergling x2  
  95  11:19  Zergling x8  
  73  11:40  Zergling x12  
  73  11:44  Drone x3  
  73  11:46  Zergling x2  
Show
View Real Time Build Order
Export as new Build Order

andy Terran - Winner!

Build Orders: Gas First Reaper Expand, Hellion Banshee 

Get SALT Encoding   

  12  0:02  SCV  
  13  0:14  SCV  
  13  0:17  Supply Depot  
  14  0:26  SCV  
  15  0:31  Refinery  
  15  0:42  Barracks  
  15  0:47  SCV  
  16  0:59  SCV  
  17  1:11  SCV  
  18  1:23  SCV  
  19  1:35  Reaper  
  20  1:46  Orbital Command  
  20  1:58  Command Center  
  20  2:08  Factory  
  20  2:22  SCV  
  21  2:25  Barracks Reactor  
  21  2:26  Supply Depot  
  21  2:34  SCV  
  22  2:46  SCV  
  22  2:58  SCV  
  22  3:02  Starport  
  23  3:11  Orbital Command, SCV  
  24  3:15  Hellion x2  
  24  3:16  Marine  
  29  3:22  Supply Depot  
  29  3:23  SCV  
  30  3:28  Refinery  
  30  3:35  SCV  
  30  3:36  Hellion  
  33  3:48  Starport Tech Lab  
  33  3:50  Hellion  
  33  3:51  SCV  
  33  3:52  Command Center  
  38  4:03  Hellion  
  38  4:07  Bunker  
  38  4:12  Hellion  
  38  4:13  SCV x2  
  42  4:18  Banshee  
  42  4:21  Cloaking Field  
  42  4:23  Marine  
  46  4:30  SCV x2  
  48  4:32  Supply Depot  
  48  4:41  Marine  
  48  4:42  Supply Depot  
  49  4:53  Barracks  
  49  4:54  Barracks  
  49  4:55  SCV  
  49  4:59  Marine  
  51  5:00  Supply Depot  
  51  5:01  Banshee  
  51  5:05  SCV x2  
  56  5:16  Marine  
  56  5:20  Engineering Bay, SCV x3  
  60  5:35  SCV x2  
  62  5:37  SCV  
  61  5:44  Banshee  
  61  5:47  SCV  
  61  5:49  Barracks Tech Lab  
  55  6:03  Supply Depot  
  54  6:12  Marine  
  54  6:16  Barracks Reactor  
  55  6:20  SCV x2  
  57  6:25  Barracks  
  57  6:27  Marine  
  57  6:29  Engineering Bay  
  57  6:30  Barracks, Marine  
  57  6:32  SCV x2  
  61  6:42  Stimpack  
  61  6:44  SCV x2  
  61  6:45  Marine  
  64  6:48  Marine  
  64  6:53  Marine  
  64  6:54  Marine  
  66  6:56  SCV  
  68  7:03  Marine  
  68  7:06  Marine  
  70  7:10  SCV x2  
  70  7:11  Marine  
  70  7:12  Marine  
  74  7:17  Marine  
  74  7:20  Marine  
  74  7:22  SCV x2  
  77  7:24  Marine, Planetary Fortress  
  77  7:29  Marine x2  
  79  7:34  SCV x2  
  79  7:35  Marine  
  74  7:38  Marine  
  74  7:41  Marine  
  76  7:46  SCV x2  
  76  7:47  Marine x2  
  80  7:53  Marine  
  80  7:56  Marine  
  80  7:58  SCV x2  
  83  7:59  Marine  
  83  8:01  SCV  
  83  8:05  Marine x2  
  85  8:10  Barracks, SCV x2  
  85  8:11  Supply Depot, Marine  
  85  8:12  Supply Depot  
  88  8:14  Marauder  
  88  8:17  Marine  
  88  8:19  SCV  
  92  8:22  SCV  
  93  8:33  Marine x3, SCV x2, Medivac  
  100  8:34  SCV  
  100  8:35  Marine  
  100  8:36  Marauder  
  100  8:38  Medivac  
  106  8:44  Supply Depot  
  106  8:45  SCV x2  
  106  8:46  SCV, Terran Infantry Weapons Level 1  
  109  8:56  Supply Depot  
  109  8:57  Supply Depot  
  109  9:05  Marine x4, SCV x2, Medivac  
  117  9:10  Supply Depot  
  117  9:12  Supply Depot  
  117  9:17  SCV x3, Medivac  
  117  9:23  Marine x2  
  126  9:29  SCV x3  
  129  9:34  Barracks Reactor x2  
  129  9:35  Marine x2  
  129  9:40  Combat Shield  
  129  9:41  Marine, SCV  
  129  9:42  Supply Depot, Marine  
  129  9:45  Supply Depot  
  132  9:46  SCV x2  
  132  9:50  Command Center  
  134  9:53  Marine x2  
  134  9:58  Marine, SCV x2  
  139  10:00  Supply Depot, Marine  
  139  10:01  Supply Depot  
  140  10:11  Marauder, Marine  
  143  10:15  Supply Depot  
  143  10:16  Marine  
  143  10:17  Marine, Concussive Shells  
  145  10:29  Marauder  
  145  10:30  Marine x2  
  145  10:33  Marauder  
  145  10:34  Marine  
  152  10:35  Marine  
  153  10:50  Marine  
  153  10:52  Marine  
  153  10:53  Marine x2  
  153  10:54  Marauder, Marine  
  160  11:01  Marine x2  
  161  11:07  SCV x2  
  161  11:08  Marauder  
  161  11:10  Marine  
  164  11:11  SCV  
  164  11:16  Marauder  
  167  11:19  SCV  
  167  11:22  Marine x2  
  170  11:27  Marine x2  
  170  11:30  Marauder  
  169  11:34  Marine x2  
  169  11:37  Marauder  
  157  11:40  Marine x2  
  157  11:46  Marine x2  
Tags
 
Add a new tag
Caveats
  • Supply blocks, unpowered buildings, or Contaminate may cause inaccurate times.
  • Supply counts are checked every 10 seconds.